 Dungeon Crawl Stone Soup version 0.29-a0-885-gb26ba3297d (webtiles) character file.

Game seed: 2843989468937272914

52 jimonade the Sneak (level 4, -7/26 HPs)
             Began as a Kobold Brigand on July 21, 2022.
             Mangled by Crazy Yiuf
             ... wielding a +3 quarterstaff of chaos
              (9 damage)
             ... on level 2 of the Dungeon.
             The game lasted 00:02:03 (1703 turns).

jimonade the Sneak (Kobold Brigand)                 Turns: 1703, Time: 00:02:05

Health: -7/26      AC:  4    Str:  8    XL:     4   Next: 8%
Magic:  4/4        EV: 14    Int: 12    God:
Gold:   76         SH:  0    Dex: 18    Spells: 3/3 levels left

rFire   . . .      SeeInvis .   a - +2 dagger
rCold   . . .      Faith    .   (no shield)
rNeg    . . .      Spirit   .   b - +0 robe
rPois   .          Reflect  .   (no helmet)
rElec   .          Harm     .   c - +0 cloak
rCorr   .          Rampage  .   p - +0 pair of gloves
Will    .....                   (no boots)
Stlth   +++++.....              (no amulet)
HPRegen 0.08/turn               (no ring)
MPRegen 0.09/turn               (no ring)

@: no status effects
A: small, no large weapons, nightstalker 3
a: no special abilities


You were on level 2 of the Dungeon.
You visited 1 branch of the dungeon, and saw 2 of its levels.

You collected 76 gold pieces.

Inventory:

Hand Weapons
 a - a +2 dagger (weapon)
 j - a +0 sling
Missiles
 d - 9 poisoned darts (quivered)
 e - 3 curare-tipped darts
 m - 4 datura-tipped darts
 o - 3 boomerangs
Armour
 b - a +0 robe (worn)
 c - a +0 cloak (worn)
 p - a +0 pair of gloves (worn)
Jewellery
 q - a ring of fire
Scrolls
 g - 4 scrolls of teleportation {unknown}
 h - a scroll of enchant weapon {unknown}
 i - a scroll of butterflies {unknown}
 l - a scroll of vulnerability {unknown}
 n - 2 scrolls of identify {unknown}
Potions
 f - a potion of curing {unknown}
 k - 2 potions of brilliance {unknown}


   Skills:
 + Level 2.2 Fighting
 + Level 3.0 Short Blades
 - Level 2.1 Throwing
 + Level 1.2 Dodging
 * Level 7.2 Stealth


You had 3 spell levels left.
You didn't know any spells.
Your spell library was empty.

Dungeon Overview and Level Annotations

Branches:
Dungeon (2/15)

Altars:

Annotations:
D:2 Crazy Yiuf


Innate Abilities, Weirdness & Mutations

You are small and have problems with some larger weapons.
You are completely attuned to the shadows.


Message History

You see here a +0 pair of gloves.
p - a +0 pair of gloves You start putting on your armour.
You continue putting on your +0 pair of gloves. x4
You finish putting on your +0 pair of gloves.
Found a stone staircase leading up.
There is a stone staircase leading up here.
There is a stone staircase leading up here.
Found a hammer.
q - a ring of fire
There are no items here.
Found a hammer.
You see here a +0 hammer.
You see here a +0 hammer.
Found a runed translucent door.
Found a hammer.
You open the door.
Crazy Yiuf shouts!
Crazy Yiuf zaps a wand.
The bolt of light misses you.
Crazy Yiuf zaps a wand.
The bolt of light hits you!
Crazy Yiuf zaps a wand.
The bolt of light misses you.
You hit Crazy Yiuf.
Crazy Yiuf is lightly wounded.
Crazy Yiuf closely misses you.
You hit Crazy Yiuf.
Crazy Yiuf is moderately wounded.
You hit Crazy Yiuf but do no damage.
Crazy Yiuf is moderately wounded.
Crazy Yiuf grits, "Castle!"
Crazy Yiuf hits you with a +3 quarterstaff of chaos!
* * * LOW HITPOINT WARNING * * *
Crazy Yiuf burns you.
* * * LOW HITPOINT WARNING * * *
Okay, then.
Okay, then.
You closely miss Crazy Yiuf.
Crazy Yiuf is moderately wounded.
Crazy Yiuf grits, "Snower!"
Crazy Yiuf hits you with a +3 quarterstaff of chaos!
You die...

######..#.#####..#
####.........
########## #)..#
#.. #...# ####.#
... #######.....
#'# #...........
#g## #...........
##@# #...........
#.## #...........
##.# #...........
##.## #...........
##...#
#######....>
#.)..# ###.....
#....# #.......
#.)..### #.#.....
#...##.# #...####


You could see Crazy Yiuf.

Vanquished Creatures
  3 bats (D:2)
  8 endoplasms
  5 giant cockroaches
  6 goblins
  4 hobgoblins
  3 jackals (D:2)
  6 kobolds (D:1)
  2 quokkas (D:1)
  3 ball pythons
  A frilled lizard (D:1)
  A rat (D:1)
42 creatures vanquished.

Notes
Turn   | Place    | Note
-------+----------+-------------------------------------------
     0 | D:1      | jimonade the Kobold Brigand began the quest for the Orb.
     0 | D:1      | Reached XP level 1. HP: 12/12 MP: 1/1
   231 | D:1      | Reached XP level 2. HP: 17/17 MP: 2/2
   239 | D:1      | Reached skill level 6 in Stealth
   297 | D:1      | Reached XP level 3. HP: 21/21 MP: 3/3
   383 | D:1      | Found a faded altar of an unknown god.
  1115 | D:2      | Reached skill level 7 in Stealth
  1255 | D:2      | Reached XP level 4. HP: 21/26 MP: 4/4
  1689 | D:2      | Found a runed translucent door.
  1692 | D:2      | Noticed Crazy Yiuf
  1703 | D:2      | Mangled by Crazy Yiuf

Illustrated notes

Levels and vault maps discovered:
D:1:      minmay_arrival_nine_rooms, layout_basic,
          shapermc_ecumenical_altar_flowoftime, minmay_close_crescents
D:2:      layout_loops_cross, uniq_crazy_yiuf_cottage

Skill      XL: |  1  2  3 |
---------------+----------+-----
Stealth        | 6 7 |  7.2
Short Blades   | 3 |  3.0
Fighting       | |  2.2
Throwing       | |  2.1
Dodging        | |  1.2

Action                   |  1- 3 |  4- 6 || total
-------------------------+-------+-------++-------
Melee: Dagger            |    78 |     7 ||    85
       Punch             |     3 |       ||     3
 Stab: Sleeping          |    20 |     2 ||    22
       Distracted        |       |     1 ||     1
Armor: Robe              |     9 |       ||     9
Dodge: Dodged            |    40 |     3 ||    43

Table legend: (Time is in decaauts)
 A = Elapsed time spent in this place.
 B = Non-inter-level travel time spent in this place.
 C = Inter-level travel time spent in this place.
 D = Time resting spent in this place.
 E = Time spent auto-exploring this place.
 F = Levels seen in this place.
 G = Mean time per level.
                   A        B        C        D        E       F      G
               +--------+--------+--------+--------+--------+-----+--------+
         Total |   1691 |   1647 |     44 |      0 |   1396 |   2 |  845.5 |
       Dungeon |   1691 |   1647 |     44 |      0 |   1396 |   2 |  845.5 |
               +--------+--------+--------+--------+--------+-----+--------+

Top non-repeatable levels by time:
     D:1: 931 daAuts
     D:2: 759 daAuts
